 Dungeon Crawl Stone Soup version 0.24.0-123-gd5b16e6ec5 (webtiles) character file.

Game seed: 1710701855133737561, levelgen mode: deterministic

1923 Jynx the Basher (level 8, -17/64 HPs)
             Began as a Minotaur Fighter on Jan 18, 2020.
             Was an Initiate of Okawaru.
             Demolished by an orc warrior
             ... wielding a +0 trident
              (22 damage)
             ... on level 6 of the Dungeon.
             The game lasted 00:09:22 (5613 turns).

Jynx the Basher (Minotaur Fighter)                  Turns: 5613, Time: 00:09:23

Health: -17/64     AC: 10    Str: 22    XL:     8   Next: 96%
Magic:  7/7        EV:  9    Int:  5    God:    Okawaru [......]
Gold:   239        SH:  0    Dex: 11    Spells: 7/7 levels left

rFire    . . .     SeeInvis .   a - +0 flail
rCold    + . .     Gourm    .   (no shield)
rNeg     . . .     Faith    .   o - +2 scale mail {MR+}
rPois    .         Spirit   .   (helmet restricted)
rElec    .         Reflect  .   s - scarf {cloud immunity}
rCorr    .         Harm     .   g - +0 pair of gloves
MR       ++...                  (no boots)
Stlth    ..........             (no amulet)
HPRegen  0.20/turn              h - ring of protection from cold
MPRegen  0.10/turn              j - ring of protection from magic

@: no status effects
A: retaliatory headbutt, horns 2
a: Renounce Religion


You were on level 6 of the Dungeon.
You worshipped Okawaru.
Okawaru was noncommittal.
You were not hungry.

You visited 2 branches of the dungeon, and saw 7 of its levels.

You collected 239 gold pieces.

Inventory:

Hand Weapons
 a - a +0 flail (weapon)
Armour
 g - a +0 pair of gloves (worn)
 o - a +2 scale mail of magic resistance (worn)
 s - a scarf of cloud immunity (worn)
Jewellery
 h - a ring of protection from cold (left hand)
 i - an uncursed amulet of faith
 j - a ring of protection from magic (right hand)
 m - a cursed amulet of inaccuracy {unknown}
Wands
 t - a wand of flame (7)
Scrolls
 e - 2 scrolls of remove curse
 r - 2 scrolls of amnesia
Potions
 c - 4 potions of curing
 d - a potion of magic {unknown}
 l - 2 potions of resistance {unknown}
 n - a potion of flight {unknown}
 v - a potion of lignification {unknown}
Comestibles
 f - 4 rations


   Skills:
 - Level 3.6 Fighting
 * Level 13.5 Maces & Flails
 - Level 3.6 Armour
   Level 3.6 Shields


You had 7 spell levels left.
You didn't know any spells.
Your spell library was empty.

Dungeon Overview and Level Annotations

Branches:
Dungeon (6/15)             Temple (1/1) D:6

Altars:
Fedhas
Kikubaaqudgha
Makhleb
Okawaru
Ru
Trog
Uskayaw
Vehumet
Wu Jian
Xom
Yredelemnul


Innate Abilities, Weirdness & Mutations

You reflexively headbutt those who attack you in melee.
You have a pair of horns on your head.


Message History

a cursed +0 hand axe; 12 gold pieces; a +0 quarterstaff; an orc corpse You hit the orc warrior.
You headbutt the orc warrior, but do no damage.
The orc warrior is moderately wounded.
The orc warrior barely misses you.
You sock the orc warrior!
The orc warrior is heavily wounded.
You hit the orc warrior.
The orc warrior is heavily wounded.
The orc warrior hits you with a +0 trident!
* * * LOW HITPOINT WARNING * * *
You closely miss the orc warrior. You headbutt the orc warrior!
The orc warrior is almost dead.
The orc warrior hits you but does no damage.
You closely miss the orc warrior.
The orc warrior is almost dead.
You barely miss the orc warrior.
The orc warrior is almost dead.
The orc warrior hits you with a +0 trident!!
You die...

.......#..........#.#.#.#.#..#
.......#.......(............##
...........................##
...........................#
...###....#####.###........# ##
....##....# #.............# #.
....##....####.............###
#.
..........#....o)............#
#.
................@.##.........#
#.
.##...............##.........#
#.
###...............##.........#
#. #
#.....###.......##.........###.
# ###..##
#####+#######.......... #
#..######## ###'####### #
##>.......# ########.# #
########.# .........# #.#
########.#


You could see an orc warrior.

Vanquished Creatures
  Duvessa (D:6)
  A sky beast (D:5)
  A phantom (D:5)
  2 ogres
  A centaur (D:5)
  2 bullfrogs (D:6)
  Dowan (D:6)
  A scorpion (D:4)
  4 wights (D:6)
  2 crimson imps
  5 hounds
  4 orc wizards
  A bullfrog skeleton (D:5)
  3 orc priests
  3 iguanas (D:5)
  Natasha (thrice) (D:3)
  3 worker ants
  A killer bee zombie (D:4)
  A hound skeleton (D:6)
  A howler monkey zombie (D:5)
  A worker ant zombie (D:5)
  A howler monkey skeleton (D:4)
  8 gnolls
  5 adders
  A shadow imp (D:5)
  3 worms
  3 dart slugs
  3 leopard geckos
  22 orcs
  A ball python (D:1)
  4 bats
  4 giant cockroaches
  4 hobgoblins
  14 jackals
  5 kobolds
  A quokka (D:4)
  7 frilled lizards
  9 goblins
  A jackal skeleton (D:6)
  A quokka zombie (D:5)
  10 rats
149 creatures vanquished.

Notes
Turn   | Place    | Note
-------+----------+-------------------------------------------
     0 | D:1      | Jynx the Minotaur Fighter began the quest for the Orb.
     0 | D:1      | Reached XP level 1. HP: 19/19 MP: 0/0
    21 | D:1      | Reached skill level 3 in Maces & Flails
    21 | D:1      | Reached XP level 2. HP: 26/26 MP: 1/1
    98 | D:1      | Reached skill level 4 in Maces & Flails
   287 | D:1      | Reached XP level 3. HP: 29/31 MP: 2/2
   946 | D:2      | Reached skill level 5 in Maces & Flails
   946 | D:2      | Reached XP level 4. HP: 33/39 MP: 3/3
  1343 | D:2      | Reached skill level 6 in Maces & Flails
  1724 | D:3      | Noticed Natasha
  1731 | D:3      | Killed Natasha
  1731 | D:3      | Reached XP level 5. HP: 29/45 MP: 4/4
  1922 | D:3      | Found a shimmering altar of Xom.
  1984 | D:3      | Reached skill level 7 in Maces & Flails
  2009 | D:3      | Noticed Natasha
  2014 | D:3      | Killed Natasha
  2087 | D:3      | Noticed Natasha
  2092 | D:3      | Killed Natasha
  2164 | D:3      | Reached XP level 6. HP: 49/51 MP: 5/5
  2176 | D:3      | Reached skill level 8 in Maces & Flails
  2660 | D:4      | Reached skill level 9 in Maces & Flails
  2784 | D:4      | Found a blossoming altar of Fedhas.
  3011 | D:4      | Reached XP level 7. HP: 49/57 MP: 6/6
  3295 | D:5      | Entered Level 5 of the Dungeon
  3450 | D:5      | Reached skill level 10 in Maces & Flails
  3986 | D:5      | Found a radiant altar of Vehumet.
  3990 | D:5      | Reached skill level 11 in Maces & Flails
  3990 | D:5      | Reached XP level 8. HP: 53/64 MP: 7/7
  4335 | D:6      | Reached skill level 12 in Maces & Flails
  4594 | D:6      | Noticed Duvessa
  4595 | D:6      | Noticed Dowan
  4610 | D:6      | Killed Duvessa
  4616 | D:6      | Killed Dowan
  5001 | D:6      | Found a staircase to the Ecumenical Temple.
  5020 | Temple   | Entered the Ecumenical Temple
  5090 | Temple   | Became a worshipper of Warmaster Okawaru
  5119 | D:6      | Reached skill level 13 in Maces & Flails
  5613 | D:6      | Demolished by an orc warrior

Levels and vault maps discovered:
D:1:      saegor_arrival_simple_c, layout_basic
D:2:      layout_basic, kennysheep_cross_room
D:3:      layout_rooms, brannock_xom_greatest_gift, uniq_natasha
D:4:      layout_basic, fedhas_ov_isle_minmay
D:5:      layout_loops_cross, vehumet_altar_wand_db, first_ration
D:6:      layout_basic, minmay_temple_entry_glass, uniq_duvessa
Temple:   compressed_dpeg_circular_temple

Skill      XL: |  1  2  3  4  5  6  7  8 |
---------------+-------------------------+-----
Maces & Flails | 3 4 5 6 7 9 11 13 | 13.5
Fighting       | |  3.6
Armour         | |  3.6
Shields        | |  3.6

Action                   |  1- 3 |  4- 6 |  7- 9 || total
-------------------------+-------+-------+-------++-------
Melee: Flail             |    60 |   181 |   194 ||   435
       Headbutt          |     6 |    28 |    46 ||    80
  Use: Scroll            |       |    10 |     6 ||    16
       Potion            |       |     1 |     2 ||     3
 Stab: Invisible         |       |       |     1 ||     1
  Eat: Chunk             |       |     7 |     8 ||    15
Armor: Scale mail        |    48 |    95 |    66 ||   209
Dodge: Dodged            |    47 |    92 |    77 ||   216
